 Dungeon Crawl Stone Soup version 0.17-a0-2099-g910b1c6 (webtiles) character file.

2268 Fummel the Fighter (level 9, -6/76 HPs)
             Began as a Demonspawn Wanderer on Oct 18, 2015.
             Was a Believer of Ashenzari.
             Mangled by an ogre
             ... wielding a +0 giant club
              (21 damage)
             ... on level 7 of the Dungeon.
             The game lasted 00:26:37 (7988 turns).

Fummel the Fighter (Demonspawn Wanderer)            Turns: 7988, Time: 00:26:37

Health: -6/76      AC: 12    Str: 16    XL:     9   Next: 16%
Magic:  9/9        EV: 15    Int: 15    God:    Ashenzari [**....]
Gold:   425        SH:  0    Dex: 16    Spells: 0 memorised, 8 levels left

rFire  . . .     SeeInvis .     B - +0 war axe
rCold  . . .     Clarity  .     y - +0 ring mail {MR+}
rNeg   . . .     SustAt   .     (no shield)
rPois  .         Gourm    .     (no helmet)
rElec  +         Spirit   .     (no cloak)
rCorr  .         Warding  .     (no gloves)
rMut   +         Stasis   .     n - +2 pair of boots (curse)
MR     +....                    t - amulet of resist mutation (curse)
Stlth  ++........               (no ring)
                                i - ring of flight

@: agile, somewhat resistant to hostile enchantments, unstealthy
A: claws 1, thin metallic scales 3, powered by death 1, powered by pain 2
a: Scrying, Renounce Religion, Evoke Flight


You were on level 7 of the Dungeon.
You worshipped Ashenzari.
Ashenzari was pleased with you.
You were not hungry.

You visited 1 branch of the dungeon, and saw 7 of its levels.
You also visited: Sewer.

You collected 425 gold pieces.

Inventory:

Hand Weapons
 a - a +2 dagger
 d - a +1 short sword of venom
 h - a +1 hand axe
 p - a +0 blowgun
 B - a +0 war axe (weapon)
Missiles
 q - 8 poisoned needles
Armour
 c - a +0 ring mail
 e - the +1 leather armour of Ezxanoe {rN+}
   (You found it on level 5 of the Dungeon)

   It protects you from negative energy.
 n - a cursed +2 pair of boots (worn)
 y - a +0 ring mail of magic resistance (worn)
Jewellery
 i - a ring of flight (left claw)
 t - a cursed amulet of resist mutation (around neck)
 v - a +3 ring of intelligence
 x - an uncursed ring of stealth
Scrolls
 g - a scroll of immolation
 l - 8 scrolls of identify
 m - a scroll of curse jewellery
 o - 2 scrolls of random uselessness
 u - 2 scrolls of fear
 w - a scroll of recharging {unknown}
Potions
 b - 2 potions of curing
 A - a potion of agility {unknown}
Comestibles
 f - 3 beef jerkies
 j - 2 chunks of flesh
 k - 7 bread rations
 r - 3 meat rations
 s - a royal jelly
 z - 8 fruits


   Skills:
 - Level 9.0 Fighting
 + Level 7.6 Axes
   Level 1.0 Bows
 - Level 2.3 Armour
 - Level 1.0 Stealth
   Level 1.0 Shields
   Level 2.0 Hexes
   Level 1.0 Charms


You had 8 spell levels left.
You didn't know any spells.

Dungeon Overview and Level Annotations

Branches:
Dungeon (7/15)
 Temple: D:4-7

Altars:
Ashenzari
Dithmenos
Fedhas
Nemelex Xobeh
Sif Muna
Trog
Xom
Yredelemnul


Innate Abilities, Weirdness & Mutations

You have sharp fingernails.
You are completely covered in thin metallic scales (AC +4, rElec).
You regenerate a little health from kills.
You sometimes gain power by taking damage.


Message History

The ogre is severely wounded.
The ogre barely misses you.
A quokka comes into view.
You hit the ogre but do no damage.
The ogre is severely wounded.
The ogre hits you with a giant club!
Your ring mail prevents you from hitting the ogre.
The ogre is severely wounded.
The ogre hits you with a giant club!!
* * * LOW HITPOINT WARNING * * *
The quokka closely misses you.
You are too injured to fight recklessly!
You are too injured to fight recklessly!
Drink which item? (? for menu, Esc to quit)
You feel better. The ogre misses you. The quokka closely misses you.
You hit the ogre.
The ogre is severely wounded.
You closely miss the quokka. The quokka closely misses you.
The ogre hits you with a giant club!!
You die...

.....(.<...##.#
...####..#.....
#.......# ##
#.......# .#
############ .#
.......####
.####.###.....##..
##.O...............
#r@# ###......#.#
......#.#
.........#.. .....
#.# ########.#..
..## #.# #....... .
#.# #.####..
#.#########.####..
#......(..........
##########.#####..
#.# #..


You could see an ogre and a quokka.

Vanquished Creatures
  Grinder (D:4)
  The ghost of Hanibal the Skirmisher, an amateur HOFi (D:4)
  An ice beast (D:5)
  Purgy (D:4)
  A phantom (D:4)
  2 ogres (D:4)
  A necrophage (D:6)
  A centaur (D:5)
  A giant frog (Sewer)
  Blork the orc (D:6)
  A gnoll sergeant (D:5)
  A hound (D:6)
  A wasp zombie (D:6)
  2 crimson imps (D:5)
  An orc priest (D:4)
  A giant frog skeleton (D:4)
  A centaur skeleton (D:5)
  3 iguanas
  4 worker ants
  7 orc wizards
  A hound zombie (D:3)
  2 worker ant zombies
  13 adders
  11 gnolls
  A river rat (D:6)
  12 oozes (Sewer)
  2 adder zombies (D:5)
  An adder skeleton (D:3)
  4 worms
  19 giant geckos
  18 orcs
  14 ball pythons
  8 bats
  11 goblins
  6 hobgoblins
  7 jackals
  5 kobolds
  4 quokkas
  18 giant cockroaches
  20 giant newts
  2 quokka skeletons
  12 rats
  A spectral orc (D:2)
  4 fungi (D:5)
229 creatures vanquished.

Notes
Turn   | Place    | Note
--------------------------------------------------------------
     0 | D:1      | Fummel the Demonspawn Wanderer began the quest for the Orb.
     0 | D:1      | Fummel set off with: a +2 dagger, a potion of haste, a +0 ring mail, a potion of lignification, a bread ration
     0 | D:1      | Reached XP level 1. HP: 18/18 MP: 1/1
   300 | D:1      | Gained mutation: You are partially covered in thin metallic scales (AC +2). [demonic ancestry]
   300 | D:1      | Reached XP level 2. HP: 24/24 MP: 2/2
   591 | D:1      | Reached skill level 4 in Fighting
   814 | D:1      | Gained mutation: You sometimes gain a little power by taking damage. [demonic ancestry]
   814 | D:1      | Reached XP level 3. HP: 24/30 MP: 3/3
  1460 | D:2      | Found a sparkling altar of Nemelex Xobeh.
  1570 | D:2      | Found a basalt altar of Yredelemnul.
  2035 | D:2      | Gained mutation: You sometimes gain power by taking damage. [demonic ancestry]
  2035 | D:2      | Reached XP level 4. HP: 28/38 MP: 4/4
  2119 | D:2      | Reached skill level 5 in Fighting
  2509 | D:2      | Found a deep blue altar of Sif Muna.
  2758 | D:3      | Gained mutation: You are mostly covered in thin metallic scales (AC +3). [demonic ancestry]
  2758 | D:3      | Reached XP level 5. HP: 31/46 MP: 5/5
  2796 | D:3      | Reached skill level 6 in Fighting
  3093 | D:3      | Found a faded altar to an unknown god.
  3116 | D:3      | Became a worshipper of Ashenzari the Shackled
  3116 | D:3      | Reached * piety under Ashenzari
  3398 | D:3      | Found a shimmering altar of Xom.
  3399 | D:3      | Found a blossoming altar of Fedhas.
  3543 | D:4      | Noticed Purgy
  3590 | D:4      | Killed Purgy
  3590 | D:4      | Reached XP level 6. HP: 32/53 MP: 6/6
  3600 | D:4      | Noticed Hanibal's ghost (amateur HOFi)
  3705 | D:3      | Reached skill level 7 in Fighting
  3823 | D:4      | Noticed an ogre
  3842 | D:4      | Killed an ogre
  3983 | D:4      | Noticed a phantom
  4273 | D:4      | You fall through a shaft!
  4273 | D:5      | Entered Level 5 of the Dungeon
  4615 | D:5      | Reached skill level 8 in Fighting
  4615 | D:5      | Gained mutation: You regenerate a little health from kills. [demonic ancestry]
  4615 | D:5      | Reached XP level 7. HP: 49/62 MP: 7/7
  4643 | D:5      | Got the uncursed leather armour of Ezxanoe {rN+}
  4667 | D:5      | Identified the +1 leather armour of Ezxanoe {rN+} (You found it on level 5 of the Dungeon)
  4721 | D:5      | Found a shadowy altar of Dithmenos.
  4781 | D:5      | Found a bloodstained altar of Trog.
  4863 | D:5      | Reached skill level 9 in Fighting
  5194 | D:5      | Reached skill level 1 in Axes
  5616 | D:4      | Noticed Grinder
  5813 | D:4      | Gained mutation: You are completely covered in thin metallic scales (AC +4, rElec). [demonic ancestry]
  5813 | D:4      | Reached XP level 8. HP: 35/71 MP: 8/8
  5840 | D:4      | Killed Grinder
  6158 | D:4      | Killed Hanibal's ghost
  6298 | D:4      | Noticed an ogre
  6403 | D:4      | Killed an ogre
  6403 | D:4      | Reached skill level 5 in Axes
  6509 | D:4      | Killed a phantom
  6747 | D:6      | Found a glowing drain.
  6751 | Sewer    | Entered a sewer
  7243 | Sewer    | Gained mutation: You have sharp fingernails. [demonic ancestry]
  7243 | Sewer    | Reached XP level 9. HP: 73/76 MP: 9/9
  7344 | D:6      | Noticed Blork the orc
  7362 | D:6      | Killed Blork the orc
  7646 | D:6      | Found a bloodstained altar of Trog.
  7976 | D:7      | Reached ** piety under Ashenzari
  7988 | D:7      | Mangled by an ogre

Vault maps used:
D:1:      erik_arrival_cave_to_civilisation, minmay_misc_feat_chi,
          minmay_misc_feat_plants, roderic_lattice_a, interstate_on_off,
          minmay_rat_gold_closets
D:2:      wad_lake_hut, overflow_temple_1_default,
          yredelemnul_forgotten_temple_becter, led_sif_pool, first_bread
D:3:      nicolae_overflow_hidden_temple, serial_undead, serial_undead_e,
          serial_undead_c, serial_undead_e, serial_undead_d, serial_undead_f,
          serial_undead_f, ecumenical_altar_2
D:4:      minmay_misc_feat_square, minmay_close_crescents, uniq_purgy,
          uniq_grinder
D:5:      old_standard_altar, kennysheep_mini_moat, water_boxes_lemuel
D:6:      gup_sewer_entry_bowl, minmay_door_square, grunt_ministairs_15,
          bloody_trog, uniq_blork_the_orc
D:7:      temple_pool_b
Sewer:    sewer_frog_island_02

Action                   |  1- 3 |  4- 6 |  7- 9 || total
-------------------------+-------+-------+-------++-------
Melee: Dagger            |   184 |   379 |       ||   563
       Short sword       |       |     9 |   107 ||   116
       Hand axe          |       |       |   734 ||   734
       War axe           |       |       |    11 ||    11
 Fire: Blowgun           |       |     8 |       ||     8
 Abil: Evoke Flight      |       |       |     5 ||     5
       Stop Flying       |       |       |     1 ||     1
  Use: Potion            |       |     8 |     3 ||    11
       Scroll            |       |     7 |     3 ||    10
  Eat: Bread ration      |     1 |       |       ||     1
       Chunk             |       |     8 |     8 ||    16
       Meat ration       |       |       |     1 ||     1
       Pizza             |       |       |     1 ||     1
